 Dungeon Crawl Stone Soup version 0.30.1-4-g462c640d31 (webtiles) character file.

Game seed: 10209426566392824766

121 ANON1729 the Trooper (level 4, -2/41 HPs)
             Began as a Minotaur Monk on Aug 10, 2023.
             Was a Believer of Qazlal.
             Slain by an ogre
             ... wielding a +0 giant club
              (4 damage)
             ... on level 3 of the Dungeon.
             The game lasted 00:01:06 (2896 turns).

ANON1729 the Trooper (Minotaur Monk)                Turns: 2896, Time: 00:01:06

Health: -2/41      AC:  2    Str: 16    XL:     4   Next: 77%
Magic:  4/4        EV: 13    Int:  7    God:    Qazlal [**....]
Gold:   142        SH:  2    Dex: 14    Spells: 3/3 levels left

rFire   . . .        a - +0 short sword
rCold   . . .        d - orb {light}
rNeg    . . .        b - +0 robe
rPois   .            (helmet restricted)
rElec   .            (no cloak)
rCorr   .            (no gloves)
SInv    .            (no boots)
Will    +....        (no amulet)
Stlth   +            g - ring of willpower
HPRegen 0.26/turn    (no ring)
MPRegen 0.09/turn

%: no passive effects
@: hasted, glowing, very quick
A: horns 2, retaliatory headbutt
a: Renounce Religion, Upheaval


You were on level 3 of the Dungeon.
You worshipped Qazlal.
Qazlal was pleased with you.
You visited 1 branch of the dungeon, and saw 4 of its levels.

You collected 142 gold pieces.

Inventory:

Hand Weapons
 a - a +0 short sword (weapon)
Armour
 b - a +0 robe (worn)
 d - an orb of light (worn)
Jewellery
 g - a ring of willpower (left hand)
 t - an amulet of magic regeneration
Scrolls
 c - a scroll of fog {unknown}
 e - a scroll of identify {unknown}
 f - 2 scrolls of teleportation {unknown}
 h - a scroll of blinking {unknown}
 i - a scroll of vulnerability {unknown}
 k - a scroll of enchant weapon {unknown}
 l - 5 scrolls of noise {unknown}
 m - a scroll of immolation {unknown}
 r - a scroll of poison {unknown}
 s - a scroll of torment {unknown}
 u - a scroll of amnesia {unknown}
Potions
 n - a potion of degeneration {unknown}
 o - a potion of might {unknown}
 p - a potion of heal wounds {unknown}
 q - a potion of flight {unknown}


   Skills:
 + Level 4.4 Fighting
 + Level 4.0 Short Blades
 + Level 2.1 Armour
 + Level 4.0 Dodging
 + Level 1.7 Invocations


You had 3 spell levels left.
You didn't know any spells.
Your spell library contained the following spells:

 Spells                   Type           Power      Damage    Failure   Level
 Apportation              Tloc           0%         N/A       43%         1
 Beastly Appendage        Tmut           0%         N/A       43%         1
 Cigotuvi's Dreadful Rot  Necr/Pois/Air  0%         N/A       56%         2
 Dispel Undead            Necr           0%         3d6       99%         4
 Ice Form                 Ice/Tmut       0%         N/A       99%         4
 Alistair's Intoxication  Tmut/Pois      0%         N/A       100%        5
 Irradiate                Conj/Tmut      0%         3d11      100%        5
 Death Channel            Necr           0%         N/A       100%        6


Dungeon Overview and Level Annotations

Branches:
Dungeon (4/15)
 Temple: D:4-7

Altars:
Qazlal


Innate Abilities, Weirdness & Mutations

You have a pair of horns on your head.
You reflexively headbutt those who attack you in melee.


Message History

The ogre shouts!
Found a scroll labelled JAUMUA REOFE.
There is a stone staircase leading up here.
There are monsters nearby!
The ogre hits you with a +0 giant club!
You see here a scroll labelled JAUMUA REOFE.
You hit the ogre.
The ogre is lightly wounded.
You hit the ogre. You headbutt the ogre.
The ogre is moderately wounded.
The ogre hits you with a +0 giant club!!
Ouch! That really hurt!
* * * LOW HITPOINT WARNING * * *
You are too injured to fight recklessly!
You are too injured to fight recklessly!
You are too injured to fight recklessly!
You are too injured to fight recklessly!
You are too injured to fight recklessly!
You are too injured to fight recklessly!
You are too injured to fight recklessly!
You are too injured to fight recklessly!
You are too injured to fight recklessly!
You are too injured to fight recklessly!
You are too injured to fight recklessly!
You are too injured to fight recklessly!
You are too injured to fight recklessly!
You are too injured to fight recklessly!
You are too injured to fight recklessly!
You are too injured to fight recklessly!
You are too injured to fight recklessly!
You are too injured to fight recklessly!
It was a potion of haste.
You feel yourself speed up. The ogre closely misses you.
There is a stone staircase leading up here.
You climb upwards.
There is a stone staircase leading down here.
You hit the ogre. You headbutt the ogre.
The ogre is lightly wounded.
The ogre hits you with a +0 giant club.
You die...

#.# #)# ######.####.##
#........#...#######
#.####.............# #.#
#.......#####.# #.# #......##
#.# #.# ###.#### #.# #.# #O#
####.##### #.# #@# #.......[#
#.# ##O## #.##.###.# #####.##
##...## #.##.###.#
#....#.###.....## #.##.....#
#..##.###.......###.##.##..#
#####...####.........##.#...#..#
...........'.........'.........#
#####...####.........####.....##
#####..## ##.......## #..####


You could see 2 ogres.

Vanquished Creatures
  3 gnolls (D:2)
  An adder (D:3)
  A dart slug (D:2)
  5 orcs (D:3)
  10 ball pythons
  An endoplasm (D:3)
  A giant cockroach (D:1)
  7 goblins
  10 hobgoblins
  4 jackals (D:3)
  13 kobolds
  2 quokkas
  6 bats
  5 frilled lizards
  5 rats
74 creatures vanquished.

Vanquished Creatures (others)
  An orc (D:3)
1 creature vanquished.

Grand Total: 75 creatures vanquished

Notes
Turn   | Place    | Note
-------+----------+-------------------------------------------
     0 | D:1      | ANON1729 the Minotaur Monk began the quest for the Orb.
     0 | D:1      | Reached XP level 1. HP: 19/19 MP: 0/0
    42 | D:1      | Reached XP level 2. HP: 23/27 MP: 1/1
   274 | D:1      | Reached skill level 1 in Armour
   515 | D:1      | Reached skill level 1 in Invocations
   607 | D:1      | Reached XP level 3. HP: 15/33 MP: 2/2
   802 | D:1      | Got the Volume of Therianthropy
  1286 | D:2      | HP: 1/33 [gnoll/+0 flail (6)]
  1303 | D:2      | Reached XP level 4. HP: 14/40 MP: 2/4
  2460 | D:3      | Found a stormy altar of Qazlal.
  2869 | D:3      | Became a worshipper of Qazlal Stormbringer
  2869 | D:3      | Reached * piety under Qazlal
  2869 | D:3      | Reached ** piety under Qazlal
  2888 | D:4      | Noticed an ogre
  2888 | D:4      | Noticed an ogre
  2891 | D:4      | HP: 1/41 [ogre/+0 giant club (28)]
  2896 | D:3      | Slain by an ogre

Illustrated notes

Levels and vault maps discovered:
D:1:      nicolae_arrival_washed_ashore, layout_basic
D:2:      layout_loops_ring, serial_glass, glass_columns_a, glass_columns_c,
          glass_columns_b, glass_columns_a, glass_columns_a, glass_columns_c,
          glass_columns_b, glass_columns_b, grunt_decor_junction,
          serial_park_tiny_2
D:3:      layout_loops_corners, nicolae_qazlal_scattered_showers, nrook_uturn
D:4:      layout_loops_ring, amcnicky_altar_gilded, mainiacjoe_overflow_alcove_4

Skill      XL: |  1  2  3  4 |
---------------+-------------+-----
Armour         | 1 2 |  2.1
Invocations    | 1 |  1.7
Fighting       | 4 |  4.4
Short Blades   | 4 |  4.0
Dodging        | 4 |  4.0

Action                     |  1- 3 |  4- 6 || total
---------------------------+-------+-------++-------
  Melee: Short sword       |   107 |    61 ||   168
         Headbutt          |    20 |    18 ||    38
    Use: Potion            |     1 |     1 ||     2
   Stab: Sleeping          |       |     1 ||     1
 Armour: Robe              |    10 |     8 ||    18
  Dodge: Dodged            |    69 |    30 ||    99
